 Dungeon Crawl Stone Soup version 0.29.0-7-g18a832c13a (webtiles) character file.

Game seed: 7116396160846613105

10906 sanka the Nimble (level 12, -2/91 HPs)
             Began as a Djinni Chaos Knight on Aug 30, 2022.
             Was a Plaything of Xom.
             Slain by Urug
             ... wielding a +2 halberd of protection
              (18 damage)
             ... on level 11 of the Dungeon.
             The game lasted 00:25:54 (12248 turns).

sanka the Nimble (Djinni Chaos Knight)             Turns: 12248, Time: 00:25:55

Health: -2/91      AC: 11    Str: 11    XL:     12   Next: 1%
Gold:   532        EV: 19    Int: 22    God:    Xom [*.....] SH:  0 Dex: 11

rFire   + + .      SeeInvis .   b - +7 shortbow of the Enchanted Forest {vorpal, Int+3}
rCold   . . .      Faith    .   (shield currently unavailable)
rNeg    . . .      Spirit   .   w - +0 steam dragon scales
rPois   ∞          Reflect  .   E - +2 helmet
rElec   .          Harm     .   (no cloak)
rCorr   .          Rampage  .   A - +2 pair of gloves
Will    +....                   (boots unavailable)
Stlth   +.........              (no amulet)
HPRegen 0.25/turn               B - ring of protection from cold
MPRegen 0.00/turn               h - +4 ring of evasion

@: flying, unable to drink
A: sickness immunity, fire resistance 2, cold vulnerability 1, float, innate
caster, HP casting, extra vitality 1, clumsy 1, screaming 2, inability to drink
after injury 1
a: Renounce Religion


You were on level 11 of the Dungeon.
You worshipped Xom.
You were a special plaything of Xom.
You visited 2 branches of the dungeon, and saw 12 of its levels.

You collected 532 gold pieces.


Innate Abilities, Weirdness & Mutations

You are immune to sickness and miasma.
You are immune to poison.
Your flesh is very heat resistant. (rF++)
You are vulnerable to cold. (rC-)
You float through the air rather than walking.
You learn spells naturally, not from books.
Your magical power is your life essence.
You have superior vitality. (+4 MHP)
You are clumsy. (Dex -2)
You frequently scream uncontrollably at your foes.
You occasionally lose the ability to drink potions when taking damage.


   Skills:
 + Level 10.1 Fighting
 - Level 4.0 Long Blades
 - Level 1.0 Armour
 + Level 10.4 Dodging
 + Level 9.3 Spellcasting


You had 16 spell levels left.
You knew the following spells:

 Your Spells              Type           Power      Damage    Failure   Level
i - Hailstorm             Conj/Ice       50%        3d11      1%          4
u - Anguish               Hex/Necr       25%        N/A       1%          4
x - Searing Ray           Conj           100%       2d8       1%          2
y - Poisonous Vapours     Pois/Air       100%       N/A       1%          2
z - Sandblast             Erth           100%       2d20      1%          1
Your spell library was empty.

Inventory:

Hand Weapons
 a - a +5 great sword
 b - the +7 shortbow of the Enchanted Forest (weapon) {vorpal, Int+3} Any ammunition fired from it inflicts extra damage upon your enemies. Int: It affects your intelligence (+3).
 q - a +0 falchion of chaos
 D - a +0 lajatang
Missiles
 y - a throwing net {=f}
Armour
 w - +0 steam dragon scales (worn)
 A - a +2 pair of gloves (worn)
 E - a +2 helmet (worn)
Magical Staves
 x - a staff of conjuration {!a}
Jewellery
 h - a +4 ring of evasion (right hand)
 m - a ring of fire
 o - a ring of protection from fire
 B - a ring of protection from cold (left hand)
 C - an amulet of faith
Scrolls
 f - 4 scrolls of noise {!r}
 g - 6 scrolls of teleportation {@r4}
 i - a scroll of silence {!r}
 l - 2 scrolls of fear
 p - a scroll of blinking
 r - 4 scrolls of poison
 s - 4 scrolls of enchant weapon
 z - a scroll of enchant armour {unknown}
 G - 2 scrolls of vulnerability {!r}
 I - a scroll of magic mapping {unknown}
Potions
 d - 5 potions of curing {unknown}
 e - 3 potions of attraction {unknown}
 j - 5 potions of heal wounds {unknown}
 k - 6 potions of might {unknown}
 n - 2 potions of haste {@q3}
 t - 2 potions of flight {unknown}
 u - 2 potions of magic {unknown}
 v - 6 potions of ambrosia
 F - 2 potions of lignification {unknown}
 H - 2 potions of cancellation {unknown}
Miscellaneous
 c - a piece from Xom's chessboard (12/15)

Dungeon Overview and Level Annotations

Branches:
Dungeon (11/15)            Temple (1/1) D:7            Lair (0/5) D:10
    Orc (0/2) D:9

Altars:
Ashenzari
Cheibriados
Dithmenos
Elyvilon
Fedhas
Gozag
Hepliaklqana
Makhleb
Nemelex Xobeh
Okawaru
Qazlal
Ru
Trog
Uskayaw
Wu Jian
Xom
Yredelemnul
Zin
The Shining One

Annotations:
D:1 1 runed translucent door
D:4 2 transporters, Tonnatak's ghost, amateur GnWn
D:11 Urug

▒.▒ ▒▒ ▒.▒ .▒ ▒▒.▒▒▒▒▒▒▒▒ .▒
▒.........▒ .▒▒▒ ▒.........▒▒▒
.'.▒▒▒▒▒▒....(>bb...▒
.▒......▒.........▒
.▒▒▒▒▒▒...[.......▒ .▒
▒▒▒.....o.R.▒ ▒▒ ▒▒▒▒..▒▒▒▒▒ ▒
▒▒▒▒▒▒▒▒..o.▒▒▒ ▒
▒.............▒▒▒▒▒▒▒▒▒▒▒▒
▒.........................
▒▒▒▒▒▒.............▒...........
....▒▒.............▒...........
....▒..........<...▒▒.......>..
...................▒▒..........


You could see Urug (extremely poisoned, corona, ally target).


Message History

The javelin pierces through you!
There is a stone staircase leading up here.
Aiming: Sandblast (safe; 1% risk of failure)
Aim: Urug, wielding a +2 halberd of protection, wearing a +2 chain mail of fire resistance and quivering javelins (moderately wounded, extremely poisoned, 84% to hit)
The blast of sand hits Urug but does no damage.
Urug is moderately wounded.
Urug hits you from afar with a +2 halberd of protection!
Aiming: Sandblast (safe; 1% risk of failure)
Aim: Urug, wielding a +2 halberd of protection, wearing a +2 chain mail of fire resistance and quivering javelins (moderately wounded, extremely poisoned, 84% to hit)
The blast of sand hits Urug but does no damage.
Urug is moderately wounded.
Urug throws a javelin.
The javelin pierces through you!
Okay, then.
You make a move on Xom's chessboard...
Urug is outlined in light.
Urug hits you from afar with a +2 halberd of protection!
Unknown command.
A cannonade of hail descends around you!
The hail pelts Urug!
Urug is heavily wounded.
* * * LOW HITPOINT WARNING * * *
Urug hits you from afar with a +2 halberd of protection!!
* * * LOW HITPOINT WARNING * * *
A shower of butterflies erupts from you!
Unknown command.
Urug hits you from afar with a +2 halberd of protection!!
You feel threatened and lose the ability to drink potions!
You die...
Xom guffaws!

Action                   |  1- 3 |  4- 6 |  7- 9 | 10-12 || total
-------------------------+-------+-------+-------+-------++-------
Melee: Falchion          |    92 |    93 |    14 |       ||   199
       Punch             |       |     1 |       |       ||     1
       Lajatang          |       |       |    29 |       ||    29
       Great sword       |       |       |     2 |    60 ||    62
       Shortbow          |       |       |     2 |       ||     2
 Fire: Shortbow          |       |       |   118 |    42 ||   160
 Cast: Sandblast         |       |    44 |    54 |   116 ||   214
       Searing Ray       |       |     8 |     3 |    13 ||    24
       Poisonous Vapours |       |       |    11 |    51 ||    62
       Anguish           |       |       |       |     1 ||     1
       Hailstorm         |       |       |       |     3 ||     3
Evoke: Piece from Xom's  |       |     5 |     2 |     6 ||    13
       Wand              |       |       |       |     3 ||     3
  Use: Scroll            |       |       |     4 |     4 ||     8
       Potion            |       |       |       |     1 ||     1
 Stab: Sleeping          |     1 |     1 |       |       ||     2
       Paralysed         |     1 |       |       |       ||     1
       Petrified         |       |       |     2 |       ||     2
Armor: Leather armour    |    26 |    38 |    11 |       ||    75
       Steam dragon scal |       |       |    22 |    66 ||    88
Dodge: Dodged            |    85 |   111 |   124 |   240 ||   560

Levels and vault maps discovered:
D:1:      dpeg_arrival_caged_fury, layout_loops_ring,
          hellmonk_ecumenical_altar_arch_garden,
          amcnicky_mini_rare_corridor_liquid, dreamdust_mushroom_princess
D:2:      layout_loops_ring
D:3:      layout_basic, fedhas_altar_fruit_tree,
          chequers_temple_overflow_minitemple, mainiacjoe_overflow_alcove_4,
          mainiacjoe_overflow_catwalk, guppyfry_early_orc_mine
D:4:      layout_cave_pools, nicolae_hepliaklqana_monster_ancestors,
          mainiacjoe_overflow_big_doors, gammafunk_ghost_gnarly_gnolls
D:5:      layout_rooms, makhleb_heckhound_becter, minivault_26
D:6:      layout_cave_pods, serial_rivers, chequers_serial_rivers_small_3,
          chequers_serial_rivers_room_a, chequers_serial_rivers_micro_c,
          chequers_serial_rivers_room_a, chequers_serial_rivers_large_b,
          minivault_19
D:7:      layout_gridville, general_overflow_altar,
          minmay_temple_entry_overgrown, hangedman_abyss_or_decor_stabs
D:8:      layout_basic, kennysheep_pointless_box
D:9:      layout_roguey, lemuel_crystal_altar, orc_0_dummy, special_room
          [special_room_bee]
D:10:     erik_cavepeople, layout_irregular_city, kennysheep_generic_room_12
D:11:     layout_roguey, uniq_urug, uniq_josephine
Temple:   hellmonk_temple_flake

Notes
Turn   | Place    | Note
-------+----------+-------------------------------------------
     0 | D:1      | sanka the Djinni Chaos Knight began the quest for the Orb.
     0 | D:1      | Reached XP level 1. HP: 20/20 MP: 0/0
     1 | D:1      | Found a runed translucent door.
    95 | D:2      | Reached skill level 3 in Long Blades
   109 | D:2      | Reached XP level 2. HP: 18/25 MP: 0/0
   328 | D:3      | Found a broken altar of Ashenzari.
   328 | D:3      | Found a faded altar of an unknown god.
   336 | D:3      | Found a faded altar of an unknown god.
   338 | D:3      | Found a shimmering altar of Xom.
   402 | D:3      | Reached XP level 3. HP: 29/30 MP: 0/0
   402 | D:3      | Learned a level 1 spell: Sandblast
   475 | D:1      | Found a faded altar of an unknown god.
   706 | D:1      | Reached skill level 4 in Long Blades
   921 | D:1      | XOM: divination: detect items
   992 | D:1      | Reached XP level 4. HP: 33/35 MP: 0/0
  1074 | D:1      | Reached skill level 1 in Spellcasting
  1395 | D:2      | XOM: divination: magic mapping
  1646 | D:2      | Reached skill level 2 in Spellcasting
  1646 | D:2      | Reached XP level 5. HP: 37/40 MP: 0/0
  1646 | D:2      | Learned a level 2 spell: Searing Ray
  2381 | D:3      | Found a sparkling altar of Nemelex Xobeh.
  2436 | D:3      | Found a blossoming altar of Fedhas.
  2589 | D:3      | XOM: divination: magic mapping
  2667 | D:3      | Reached skill level 3 in Spellcasting
  2667 | D:3      | Reached XP level 6. HP: 34/46 MP: 0/0
  2748 | D:3      | Found an ornate altar of the Wu Jian Council.
  2896 | D:4      | Found a hazy altar of Hepliaklqana.
  2897 | D:4      | XOM: chaos upgrade
  2998 | D:4      | Identified the +2 spear of Kioguh {venom, Will+ rCorr}
  3182 | D:4      | Found a transporter.
  3183 | D:4      | Found a transporter.
  3190 | D:4      | Noticed Tonnatak's ghost (amateur GnWn)
  3224 | D:4      | Noticed an ogre
  3240 | D:4      | XOM: divination: detect items
  3241 | D:4      | XOM: confuse monster(s)
  3242 | D:4      | Reached skill level 4 in Spellcasting
  3243 | D:4      | Killed an ogre
  3244 | D:4      | Reached XP level 7. HP: 30/50 MP: 0/0
  3244 | D:4      | Learned a level 2 spell: Poisonous Vapours
  3391 | D:4      | XOM: enchant monster (good)
  3455 | D:4      | XOM: enchant monster (good)
  3482 | D:4      | XOM: confusion (+ monsters)
  3582 | D:4      | Found a white marble altar of Elyvilon.
  3747 | D:4      | XOM: silly message
  3862 | D:5      | Entered Level 5 of the Dungeon
  3864 | D:5      | XOM: confuse monster(s)
  3881 | D:4      | Reached skill level 5 in Spellcasting
  3910 | D:4      | XOM: scenery: summon butterflies
  3927 | D:5      | Reached XP level 8. HP: 48/56 MP: 0/0
  3984 | D:5      | Reached skill level 6 in Spellcasting
  4010 | D:5      | Identified the +7 shortbow of the Enchanted Forest {vorpal,
                  | Int+3}
  4024 | D:5      | XOM: noise
  4047 | D:5      | Found a burning altar of Makhleb.
  4119 | D:5      | Identified +0 steam dragon scales
  4120 | D:5      | Reached skill level 7 in Spellcasting
  4617 | D:6      | XOM: 6-stop teleportation journey
  4826 | D:6      | Reached XP level 9. HP: 59/60 MP: 0/0
  4826 | D:6      | Learned a level 4 spell: Anguish
  5020 | D:6      | XOM: summons 3 hostile demons
  5069 | D:6      | XOM: 7-stop teleportation journey
  5387 | D:6      | XOM: give mutations
  5387 | D:6      | Gained mutation: You occasionally lose the ability to drink
                  | potions when taking damage. [Xom's mischief]
  5387 | D:6      | Gained mutation: You occasionally shout uncontrollably at
                  | your foes. [Xom's mischief]
  5387 | D:6      | Gained mutation: You are weak. (Str -2) [Xom's mischief]
  5615 | D:6      | Reached skill level 8 in Spellcasting
  5629 | D:6      | XOM: give mutations
  5629 | D:6      | Gained mutation: You frequently scream uncontrollably at
                  | your foes. [Xom's mischief]
  5629 | D:6      | Lost mutation: You are weak. (Str -2) [Xom's mischief]
  5869 | D:7      | Found a snail-covered altar of Cheibriados.
  5869 | D:7      | XOM: 3-stop teleportation journey
  5973 | D:7      | Reached skill level 3 in Dodging
  6058 | D:7      | XOM: enchant monster (bad)
  6248 | D:7      | Reached skill level 4 in Fighting
  6343 | D:7      | Found a staircase to the Ecumenical Temple.
  6411 | Temple   | Entered the Ecumenical Temple
  6598 | D:7      | Reached skill level 4 in Dodging
  7093 | D:8      | Reached skill level 5 in Fighting
  7093 | D:8      | Reached skill level 5 in Dodging
  7192 | D:8      | XOM: 1-stop teleportation journey
  7316 | D:8      | XOM: noise
  7524 | D:8      | Reached XP level 10. HP: 72/72 MP: 0/0
  7667 | D:8      | Reached skill level 6 in Fighting
  7667 | D:8      | Reached skill level 6 in Dodging
  7705 | D:8      | XOM: noise
  7904 | D:9      | Found a staircase to the Orcish Mines.
  7916 | D:9      | XOM: swap monsters
  7994 | D:9      | XOM: cloud trail
  8083 | D:9      | XOM: noise
  8087 | D:9      | Reached skill level 7 in Dodging
  8377 | D:9      | XOM: divination: detect items
  8380 | D:9      | Reached skill level 7 in Fighting
  8758 | D:9      | XOM: summons 2 friendly demons
  8763 | D:9      | Reached skill level 8 in Dodging
  8767 | D:9      | Reached skill level 8 in Fighting
  8939 | D:9      | XOM is BORED!
  8939 | D:9      | XOM: give mutation
  8939 | D:9      | Gained mutation: You are weak. (Str -2) [Xom's mischief]
  9107 | D:9      | XOM: 2-stop teleportation journey
  9404 | D:9      | XOM: give mutation
  9404 | D:9      | Gained mutation: You expend health (3 HP) to strengthen
                  | your wands. [Xom's mischief]
  9507 | D:9      | Found a basalt altar of Yredelemnul.
  9686 | D:10     | Entered Level 10 of the Dungeon
  9686 | D:10     | Found a staircase to the Lair.
  9702 | D:10     | XOM: polymorph centaur -> swamp drake
  9900 | D:10     | XOM: 1-stop teleportation journey
 10022 | D:10     | Reached XP level 11. HP: 66/82 MP: 0/0
 10022 | D:10     | Learned a level 4 spell: Hailstorm
 10033 | D:10     | Noticed a harpy
 10033 | D:10     | a yak changed into a harpy
 10033 | D:10     | XOM: polymorph yak -> harpy
 10039 | D:10     | XOM: confusion (+ monsters)
 10049 | D:10     | Killed a harpy
 10358 | D:10     | Reached skill level 9 in Dodging
 10377 | D:10     | XOM: give mutations
 10377 | D:10     | Gained mutation: You are clumsy. (Dex -2) [Xom's mischief]
 10377 | D:10     | Lost mutation: You expend health (3 HP) to strengthen your
                  | wands. [Xom's mischief]
 10377 | D:10     | Gained mutation: Your mind is acute. (Int +4, Str/Dex -1)
                  | [Xom's mischief]
 10439 | D:10     | Reached skill level 9 in Fighting
 10441 | D:10     | XOM: confusion
 10445 | D:10     | XOM: silly message
 10793 | D:10     | XOM: 1-stop teleportation journey
 10839 | D:10     | XOM: give mutations
 10839 | D:10     | Lost mutation: You are weak. (Str -2) [Xom's mischief]
 10839 | D:10     | Lost mutation: Your mind is acute. (Int +4, Str/Dex -1)
                  | [Xom's mischief]
 10891 | D:10     | XOM: polymorph human -> fire bat
 11154 | D:10     | Reached skill level 9 in Spellcasting
 11308 | D:10     | Noticed a two-headed ogre
 11308 | D:10     | XOM: silly message
 11318 | D:10     | Killed a two-headed ogre
 11319 | D:10     | Reached skill level 10 in Dodging
 11677 | D:10     | XOM: smoke on damage
 11681 | D:10     | Identified +0 acid dragon scales
 11981 | D:11     | Noticed Josephine
 11997 | D:11     | Killed Josephine
 11998 | D:11     | Reached skill level 10 in Fighting
 12024 | D:11     | Reached XP level 12. HP: 44/91 MP: 0/0
 12221 | D:11     | Noticed Urug
 12247 | D:11     | XOM: butterfly on damage
 12248 | D:11     | Slain by Urug

Vanquished Creatures
  Josephine (D:11)
  A two-headed ogre (D:10)
  A harpy (D:10)
  A komodo dragon (D:10)
  A queen bee (D:9)
  A troll (D:10)
  2 shadows (D:10)
  6 wraiths
  A vampire (D:8)
  9 humans (D:10)
  5 yaks (D:10)
  A fire bat (D:10)
  2 steam dragons
  An acid dragon (D:10)
  2 water moccasins
  A swamp drake (D:10)
  2 orc warriors
  3 ogres
  3 centaurs
  A phantom (D:5)
  2 kobold brigands
  A gnoll sergeant (D:9)
  4 bullfrogs
  2 necrophages
  3 scorpions
  3 wights (D:8)
  2 jellies
  29 killer bees
  A howler monkey (D:9)
  6 hounds
  4 orc priests
  2 iguanas
  10 orc wizards
  11 gnolls
  12 adders
  A shadow imp (D:6)
  3 white imps
  An ufetubus (D:4)
  3 worms
  3 dart slugs
  33 orcs
  13 ball pythons
  4 bats
  10 endoplasms
  2 giant cockroaches
  9 goblins
  7 hobgoblins
  9 jackals
  11 kobolds
  3 quokkas (D:1)
  7 frilled lizards
  5 rats
  A spectral kobold (D:4)
262 creatures vanquished.

Vanquished Creatures (collateral kills)
  An ogre (D:5)
  4 wights
  A hound (D:5)
  A jelly (D:5)
7 creatures vanquished.

Vanquished Creatures (others)
  11 plants
11 creatures vanquished.

Grand Total: 280 creatures vanquished
